 Dungeon Crawl Stone Soup version 0.19-a0-1007-g133f65f (webtiles) character file.

731582 4thArraOfDagon the Conqueror (level 27, -9/273 HPs)
             Began as a Minotaur Abyssal Knight on July 20, 2016.
             Was an Elder of Uskayaw.
             Killed from afar by a shard shrike (49 damage)
             ... with a shard of ice
             ... on level 7 of Cocytus.
             The game lasted 03:06:19 (25434 turns).

4thArraOfDagon the Conqueror (MiAK)                Turns: 25434, Time: 03:06:19

Health: -9/273     AC: 33    Str: 41    XL:     27
Magic:  36/36      EV: 15    Int: 14    God:    Uskayaw [****..]
Gold:   94         SH: 21    Dex: 15    Spells: 5 memorised, 25 levels left

rFire  . . .     SeeInvis .     e - +9 broad axe (elec)
rCold  + . .     Gourm    .     E - +8 chain mail "Asixez" {rElec Regen+ rCorr Dex-5}
rNeg   + . .     Faith    .     m - +3 shield of the Slug {MP+9 Dex+5}
rPois  .         Spirit   .     (helmet restricted)
rElec  +         Dismiss  .     H - +0 cloak of Leinus {Str+7}
rCorr  +         Reflect  .     L - +1 pair of gloves {Str+3}
SustAt +         Harm     .     i - +2 pair of boots {Fly}
MR     ++...     Rnd*Tele +     N - amulet of regeneration
Stlth  ..........               w - ring "Ycsiesch" {SustAt Str+7}
                                b - ring of Koovo {+Blink rN+ MP-9 Str+4}

@: flying, very resistant to hostile enchantments, extremely unstealthy
A: retaliatory headbutt, horns 2, large bone plates 1, blink, cold resistance 1,
teleportitis 1
a: Blink, Stomp, Line Pass, Renounce Religion, Evoke Blink, Stop Flying
}: 7/15 runes: barnacled, slimy, silver, golden, iron, obsidian, gossamer


You were on level 7 of Cocytus.
You worshipped Uskayaw.
Uskayaw was greatly pleased with you.
You were full.

You visited 13 branches of the dungeon, and saw 70 of its levels.
You visited the Abyss 5 times.
You visited 1 bazaar.
You visited 1 ziggurat, and saw 10 of its levels.
You also visited: Labyrinth, Sewer and Ice Cave.

You collected 3143 gold pieces.
You spent 3049 gold pieces at shops.

Inventory:

Hand Weapons
 e - a +9 broad axe of electrocution (weapon)
 F - the +10 battleaxe "Neiratea" {freeze, MR+ Str+4 Dex-5 Stlth+}
   (You found it on level 3 of the Tomb of the Ancients)

   It has been specially enchanted to freeze those struck by it, causing extra
   injury to most foes and up to half again as much damage against particularly
   susceptible opponents.
   It can also slow down cold-blooded creatures.
   It affects your strength (+4).
   It affects your dexterity (-5).
   It affects your resistance to hostile enchantments.
   It makes you more stealthy.
Armour
 i - a +2 pair of boots of flying (worn)
 m - the +3 shield of the Slug (worn) {MP+9 Dex+5}
   (You bought it in a shop on level 15 of the Dungeon)

   It affects your dexterity (+5).
   It affects your magic capacity (+9).
 B - the +0 cloak of the Unstoppable Wars {MR+ rCorr Str+2}
   (You found it in a labyrinth)

   It affects your strength (+2).
   It affects your resistance to hostile enchantments.
   It protects you from acid and corrosion.
 E - the +8 chain mail "Asixez" (worn) {rElec Regen+ rCorr Dex-5}
   (You found it on level 4 of the Shoals)

   It affects your dexterity (-5).
   It insulates you from electricity.
   It increases your rate of regeneration.
   It protects you from acid and corrosion.
 H - the +0 cloak of Leinus (worn) {Str+7}
   (You found it on level 5 of the Pits of Slime)

   It affects your strength (+7).
 L - a +1 pair of gloves of strength (worn)
Rods
 p - a +9 rod of shadows (12/12)
   (You found it on level 10 of a ziggurat)
Jewellery
 b - the ring of Koovo (left hand) {+Blink rN+ MP-9 Str+4}
   (You found it on level 5 of the Pits of Slime)

   [ring of positive energy]

   It affects your strength (+4).
   It protects you from negative energy.
   It affects your magic capacity (-9).
   It lets you blink.
 r - an uncursed ring of positive energy
 v - the ring "Jathim" {rPois rF+ rN++ Str+3 Int-4}
   (You found it on level 1 of the Crypt)

   [ring of poison resistance]

   It affects your strength (+3).
   It affects your intelligence (-4).
   It protects you from fire.
   It protects you from poison.
   It greatly protects you from negative energy.
 w - the ring "Ycsiesch" (right hand) {SustAt Str+7}
   (You found it on level 7 of Cocytus)

   [ring of sustain attributes]

   It sustains your strength, intelligence and dexterity.
   It affects your strength (+7).
 N - an amulet of regeneration (around neck)
 Q - the ring "Atainoh" {rPois rF+++ Int-3 Dex-3 Stlth+}
   (You bought it in a shop on level 5 of the Vaults)

   [ring of intelligence]

   It affects your intelligence (-3).
   It affects your dexterity (-3).
   It renders you almost immune to fire.
   It protects you from poison.
   It makes you more stealthy.
Wands
 f - a wand of digging (17/24)
 k - a wand of teleportation (1/9)
 s - a wand of teleportation (0/9)
 K - a wand of digging (7/24)
 P - a wand of teleportation (0/9)
 S - a wand of acid (10/15)
 U - a wand of iceblast (10/15)
 Z - a wand of heal wounds (5/9)
Scrolls
 a - 2 scrolls of fog
 j - 3 scrolls of recharging
 o - 2 scrolls of brand weapon
 A - 2 scrolls of immolation
 C - a scroll of silence
 G - 14 scrolls of remove curse
 T - 5 scrolls of blinking
 W - 2 scrolls of holy word
Potions
 d - 8 potions of brilliance
 g - a potion of berserk rage
 n - 3 potions of curing
 q - 2 potions of magic
 u - 2 potions of agility
 x - a potion of lignification
 z - a potion of cure mutation
 I - a potion of might
 J - 4 potions of invisibility
 O - 3 potions of resistance
Miscellaneous
 h - a phantom mirror
 y - a box of beasts
 D - 4 sacks of spiders
 M - a lamp of fire
 R - a figurine of a ziggurat
 X - a phial of floods
Comestibles
 c - 3 bread rations
 V - 12 meat rations


   Skills:
 O Level 27 Fighting
 - Level 25.0 Axes
 - Level 19.2 Armour
 - Level 7.6 Dodging
 - Level 15.0 Shields
 - Level 5.5 Spellcasting
 - Level 9.0 Translocations
 + Level 21.5 Invocations
 - Level 6.5 Evocations


You had 25 spell levels left.
You knew the following spells:

 Your Spells              Type           Power        Failure   Level  Hunger
a - Passwall              Tmut/Erth      #.........   65%         2    ##.....
b - Sublimation of Blood  Necr           #.........   65%         2    ##.....
c - Repel Missiles        Chrm/Air       #.....       65%         2    ##.....
d - Passage of Golubria   Tloc           N/A          12%         4    ####...
e - Swiftness             Chrm/Air       #.......     65%         2    ##.....


Dungeon Overview and Level Annotations

Branches:
Dungeon (15/15)              Lair (6/6) D:8          Shoals (4/4) Lair:2
 Spider (4/4) Lair:4        Slime (5/5) Lair:5       Vaults (5/5) D:13
  Crypt (3/3) Vaults:3       Tomb (3/3) Crypt:3      Depths (4/5) D:15
   Hell (1/1)                 Dis (7/7) Hell            Geh (7/7) Hell
    Coc (7/7) Hell            Tar (0/7) Hell
 Temple: D:4-7          Orc: D:9-12

Altars:
Dithmenos
Kikubaaqudgha
Makhleb
Sif Muna
Yredelemnul
The Shining One
Jiyva

Shops:
D:15 [   Shoals:2 :   Vaults:5 }}:?=

Portals:
Hell: Depths:3

Annotations:
D:3 Xiguana's ghost, amateur HESk
Lair:4 SPIDER, exclusion: oklob plant, Louise
Shoals:3 Jorgrun
Shoals:4 corrupted
Spider:3 corrupted
Spider:4 corrupted
Slime:5 corrupted
Crypt:2 Mennas
Tomb:3 corrupted
Hell Murray
Dis:7 Dispater
Geh:7 Asmodeus
Abyss:1 Nergalle


Innate Abilities, Weirdness & Mutations

You reflexively headbutt those who attack you in melee.
You have a pair of horns on your head.
You are partially covered in large bone plates. (AC +2, SH +2)
You can translocate small distances at will.
Your flesh is cold resistant. (rC+)
You are occasionally teleported next to monsters.


Message History

Unknown command.
Unknown command.
Okay, then.
You see here 20 gold pieces.
Unknown command.
You see here 32 gold pieces.
Unknown command.
A shard shrike comes into view.
The shard shrike screeches!
A shard shrike comes into view.
You see here 27 gold pieces.
An Ice Fiend comes into view.
You block the water elemental's attack.
You see here 32 gold pieces.
Unknown command.
You slice the water elemental!!
The water elemental is severely damaged.
The shard shrike spits a shard of ice at you.
The shard of ice hits you! You partially resist.
You die...

≈≈≈≈≈
≈≈≈≈≈≈...≈≈≈≈≈≈≈≈ ≈≈≈≈
≈≈≈≈≈≈≈.≈≈≈≈≈≈≈≈≈≈#
≈≈≈≈
≈≈≈≈≈≈≈.≈≈≈≈≈≈≈≈≈≈#
≈≈≈≈≈≈≈.≈≈≈≈≈≈≈≈≈≈#
≈≈≈≈≈≈EE≈≈≈≈≈≈≈≈≈≈#
≈.≈≈≈≈≈E.≈≈≈≈≈≈≈≈≈#
...≈≈≈≈≈≈≈.≈≈≈≈≈≈≈#
#######1#.≈≈≈≈≈≈≈≈#
#$$$$@E≈#..≈≈≈≈≈≈≈#
#.$}}}}$.#...≈≈≈≈≈≈#
b...b$$$$$##....≈≈≈≈≈#
≈≈≈.#######....≈≈≈≈≈≈#
≈≈. ..≈≈..≈≈≈≈≈≈≈# ≈.
≈≈≈≈≈≈≈≈≈≈≈≈≈≈# .
≈≈≈≈≈≈≈≈≈≈≈≈≈≈#
.≈≈≈≈≈≈≈≈≈≈≈≈≈#
≈.....≈≈####≈≈≈#


You could see a shard shrike, an Ice Fiend and a water elemental.

Vanquished Creatures
  the Royal Jelly (Slime:5)
  the Serpent of Hell (Dis:7)
  3 ancient liches
  6 greater mummies
  Frederick (Vaults:5)
  2 shard shrikes
  A Killer Klown (Zig:1)
  A pandemonium lord (Zig:3)
  A golden dragon (Vaults:5)
  Geryon (Hell)
  2 iron giants
  A Tzitzimitl (Dis:6)
  A profane servitor (Crypt:3)
  3 bone dragons
  10 Brimstone Fiends
  11 Ice Fiends
  3 tentacled monstrosities
  9 liches
  A doom hound (Hell)
  6 Hell Sentinels
  A deep elf blademaster (Zig:9)
  7 titans
  2 eldritch tentacles
  10 acid blobs
  5 quicksilver dragons
  2 Executioners (Dis:7)
  12 ancient champions
  5 tentacled starspawn
  4 sphinxes
  4 storm dragons (Vaults:5)
  A tengu reaver (Vaults:5)
  13 azure jellies
  10 shadow dragons
  6 revenants
  8 fire giants
  A greater naga (Zig:7)
  7 iron dragons
  6 frost giants
  A deep elf sorcerer (Zig:8)
  8 balrugs
  A ghost moth (Spider:4)
  A ghost moth (shapeshifter) (Vaults:5)
  2 emperor scorpions
  Aizul (Shoals:1)
  A corrupter (Zig:3)
  9 vault wardens
  7 cacodemons
  A ghoul (Crypt:3)
  9 ironheart preservers
  6 very ugly things
  28 reapers
  2 war gargoyles
  An elemental wellspring (Coc:3)
  12 stone giants
  7 vampire knights
  An entropy weaver (Spider:2)
  2 deep elf annihilators (Zig:9)
  3 deep elf demonologists (Vaults:5)
  Azrael (Spider:1)
  5 ettins
  3 eidola
  A crystal guardian (Vaults:2)
  2 blizzard demons
  2 deep elf death magi
  4 fire dragons
  A quicksilver dragon zombie (Dis:7)
  A deep elf high priest (Vaults:5)
  3 kraken zombies
  A fire dragon (shapeshifter) (Vaults:5)
  13 death oozes
  5 merfolk impalers (Shoals:4)
  2 merfolk javelineers (Shoals:4)
  16 mummy priests
  2 quicksilver dragon skeletons (Geh:7)
  A minotaur (Lab)
  11 yaktaur captains
  21 jiangshi (Crypt:3)
  8 ice dragons
  3 rakshasas
  24 vault guards
  A hell beast (Dis:7)
  Erolcha (D:9)
  A hydra (D:14)
  4 great orbs of eyes
  6 naga warriors
  A spriggan air mage (Zig:6)
  An anaconda (Zig:5)
  3 catoblepae (Lair:6)
  5 ogre magi
  A merfolk avatar (Shoals:4)
  3 merfolk aquamancers (Shoals:4)
  5 centaur warriors
  3 deep troll shamans
  4 tengu warriors
  4 death knights
  Urug (D:13)
  20 death scarabs
  25 hell hogs
  2 deep troll earth magi
  6 titan zombies
  5 vampire magi
  4 dancing weapons
  16 death yaks
  8 thrashing horrors
  2 shock serpents
  3 naga sharpshooters
  2 storm dragon zombies (Dis:6)
  7 sun demons
  36 hell knights
  2 soul eaters (Hell)
  10 iron trolls
  A spriggan (Zig:2)
  7 iron golems (Dis:6)
  A deep elf knight (Zig:9)
  2 titan skeletons
  8 anaconda zombies
  8 wretched stars
  An unseen horror (Zig:8)
  6 shadow wraiths
  3 storm dragon skeletons
  46 skeletal warriors
  A spatial maelstrom (Abyss:1)
  A deep troll (shapeshifter) (Vaults:5)
  A giant orange brain (D:15)
  2 ghost moth zombies
  5 sea snakes
  9 deep trolls
  4 golden dragon zombies
  A swamp dragon (shapeshifter) (Depths:3)
  2 wizards
  3 shadow dragon zombies
  A naga ritualist (Zig:7)
  8 hill giants
  Pikel (D:8)
  A lindwurm (shapeshifter) (D:15)
  6 anubis guards
  7 phantasmal warriors
  9 flayed ghosts
  3 anaconda skeletons
  3 iron dragon zombies
  4 orc knights
  4 ironbrand convokers
  A swamp dragon (Zig:2)
  4 golden dragon skeletons
  A tengu skeleton (Zig:4)
  16 harpies
  10 necromancers
  3 shining eyes
  3 fire giant zombies
  A mana viper (Zig:7)
  5 deep elf magi
  6 orb spiders
  A shadow dragon skeleton (Coc:7)
  3 wolf spider zombies
  4 hornets
  10 wolf spiders
  2 stone giant zombies
  6 fauns
  35 ugly things
  4 cyclopes
  A moth of wrath (Spider:4)
  3 frost giant zombies
  A hornet (shapeshifter) (Vaults:2)
  3 sixfirhies
  7 griffons
  A fire giant skeleton (Geh:7)
  3 iron dragon skeletons
  7 manticores
  3 naga magi
  An octopode (shapeshifter) (D:14)
  A guardian serpent (shapeshifter) (D:15)
  27 rust devils
  7 sirens
  An ice statue (IceCv)
  2 black mambas
  3 water nymphs
  7 elephants
  A gargoyle (D:9)
  2 guardian serpents
  Maurice (D:8)
  3 dire elephant zombies
  Psyche (D:8)
  3 spiny frogs
  An eye of devastation (Slime:2)
  5 smoke demons
  2 centaur skeletons
  9 molten gargoyles (Geh:7)
  5 vault sentinels
  3 orange demons
  A spiny frog (shapeshifter) (Vaults:5)
  A dire elephant skeleton (Geh:7)
  An emperor scorpion zombie (Dis:1)
  3 komodo dragons (Lair:6)
  A torpor snail (Spider:1)
  15 hellions
  A yaktaur (shapeshifter) (Zig:9)
  2 rime drakes (Lair:3)
  10 efreet
  29 yaktaurs
  16 tormentors
  A catoblepas skeleton (Geh:7)
  A tengu conjurer (Depths:2)
  19 freezing wraiths
  7 demonic crawlers
  28 guardian mummies
  9 red devils
  6 anaconda simulacra
  10 ancient zymes
  16 ice devils
  A death yak skeleton (Crypt:1)
  A minotaur zombie (Dis:7)
  A harpy zombie (Dis:7)
  9 hydra zombies
  A yellow draconian skeleton (Crypt:2)
  8 jumping spiders
  14 merfolk
  6 snapping turtles
  5 trolls
  10 two-headed ogres
  Grinder (D:5)
  18 ushabtiu
  A boulder beetle (Vaults:5)
  5 hydra skeletons
  12 blink frogs
  A spectral manticore (Crypt:3)
  An alligator zombie (Coc:2)
  5 ice dragon zombies
  2 wind drakes (Shoals:4)
  An iron dragon simulacrum (Coc:5)
  2 raiju
  5 fire dragon zombies
  2 black mamba zombies
  32 slime creatures
  2 ettin skeletons
  78 flying skulls
  4 fire dragon skeletons
  2 air elementals
  A spriggan (shapeshifter) (D:15)
  21 starcursed masses
  3 ettin zombies
  61 redbacks
  10 shadows
  2 dire elephant simulacra (IceCv)
  6 water elementals
  16 tarantellas
  34 yaks
  5 ynoxinuls
  3 basilisks
  17 wraiths
  A black mamba skeleton (Abyss:1)
  Grum (D:11)
  16 humans (D:13)
  A chaos spawn (Zig:8)
  12 hippogriffs
  2 hungry ghosts
  2 golden eyes (shapeshifter)
  A steam dragon (D:12)
  A vampire mosquito (Zig:2)
  10 fire elementals
  21 large abominations
  4 harpy simulacra
  3 wargs
  Menkaure (D:7)
  3 nagas
  3 insubstantial wisps (Zig:6)
  8 water moccasins
  16 hell hounds
  A merfolk zombie (Dis:6)
  4 porcupines
  7 spiny frog zombies
  Purgy (D:4)
  5 hydra simulacra
  3 black bears
  11 orc warriors
  3 sky beasts
  A swamp dragon zombie (Dis:7)
  3 ice beasts
  2 snapping turtle zombies
  A slave (D:8)
  3 wasps
  5 spiny frog skeletons
  A ghost crab zombie (Crypt:1)
  A phantom (D:10)
  An ogre (shapeshifter) (Depths:2)
  24 ogres
  5 boggarts
  7 necrophages
  14 wolves
  8 centaurs
  2 snapping turtle skeletons
  15 small abominations
  7 crocodiles
  A manticore skeleton (Coc:5)
  6 big kobolds
  A gnoll sergeant (D:8)
  18 giant frogs
  An earth elemental (Zig:9)
  A spiny frog simulacrum (Coc:5)
  A troll zombie (Crypt:3)
  4 scorpions
  6 killer bees (D:13)
  5 howler monkeys
  A troll skeleton (Geh:7)
  18 wights
  3 electric eels
  A centaur zombie (D:12)
  3 crimson imps
  2 draconian simulacra (IceCv)
  A quasit (Abyss:1)
  5 human zombies (Crypt:1)
  3 jellies
  10 orc priests
  3 hounds
  4 giant frog skeletons
  20 iron imps
  A human skeleton (Crypt:1)
  4 iguanas
  9 orc wizards
  A yak simulacrum (Lair:4)
  A spriggan simulacrum (IceCv)
  4 worker ants
  3 hell rats (Hell)
  3 polar bear simulacra
  A lightning spire (Zig:7)
  3 troll simulacra (IceCv)
  6 wolf simulacra
  14 sheep
  24 mummies
  A howler monkey zombie (D:7)
  11 gnolls (D:8)
  A howler monkey skeleton (D:5)
  2 naga simulacra (IceCv)
  40 river rats
  8 adders
  An ogre simulacrum (IceCv)
  12 white imps
  6 ufetubi
  2 oozes
  An adder skeleton (D:4)
  3 giant geckos
  19 orcs
  6 ball pythons
  12 bats
  7 giant cockroaches
  2 goblins (D:1)
  4 hobgoblins
  11 jackals
  7 quokkas
  A dart slug zombie (Crypt:2)
  2 giant gecko skeletons
  A giant newt (D:7)
  A jackal skeleton (D:8)
  17 kobolds
  An orc zombie (Geh:5)
  A quokka skeleton (D:4)
  14 rats
  3 river rat simulacra (Lair:4)
  A crawling corpse (Vaults:5)
  5 plants
  3 starspawn tentacles
  10 tentacles
2217 creatures vanquished.

Vanquished Creatures (others)
  An ancient lich (Tomb:3)
  Nikola (Spider:3)
  An Ice Fiend (IceCv)
  4 acid blobs (Slime:5)
  An eldritch tentacle (Coc:5)
  Ilsuiw (Shoals:4)
  A ghost moth (Spider:4)
  3 emperor scorpions
  An entropy weaver (Vaults:5)
  An elemental wellspring (Coc:7)
  A spark wasp (Spider:4)
  A mummy priest (Tomb:3)
  4 merfolk javelineers
  2 merfolk impalers (Shoals:4)
  3 hydras
  2 merfolk avatars (Shoals:4)
  An alligator snapping turtle (Shoals:4)
  A hell hog (Geh:7)
  14 death scarabs (Tomb:2)
  A titan zombie (Tomb:3)
  A sea snake (Shoals:4)
  6 wolf spiders
  7 orb spiders
  A hornet (Spider:4)
  A moth of wrath (Spider:3)
  2 cyclopes (Shoals:4)
  A griffon (Shoals:4)
  A rust devil (Dis:7)
  An apocalypse crab (Spider:3)
  A siren (Shoals:4)
  2 water nymphs (Shoals:4)
  A mottled draconian zombie (Tomb:2)
  A spiny frog (Lair:3)
  5 merfolk (Shoals:4)
  2 ice devils (IceCv)
  2 demonic crawlers (Spider:4)
  6 guardian mummies (Tomb:3)
  9 jumping spiders
  A slime creature (Slime:5)
  6 ushabtiu (Tomb:3)
  A fire giant simulacrum (Tomb:3)
  A hydra skeleton (Hell)
  An ettin skeleton (Tomb:3)
  A snapping turtle (Shoals:4)
  A wraith (Coc:3)
  8 tarantellas (Spider:4)
  22 redbacks
  5 flying skulls (Tomb:2)
  2 death yak simulacra (IceCv)
  An iron troll simulacrum (IceCv)
  A hydra simulacrum (IceCv)
  2 slaves (D:8)
  An eye of draining (Slime:5)
  A wasp (D:8)
  A crocodile (D:8)
  A gnoll sergeant (D:8)
  An elephant simulacrum (IceCv)
  A polar bear simulacrum (IceCv)
  6 mummies
  4 white imps (IceCv)
  4 ufetubi (IceCv)
  A quokka (D:8)
  A jackal skeleton (D:8)
  172 eldritch tentacle segments
  21 fungi
  34 plants
  39 starspawn tentacles
  197 starspawn tentacle segments
  11 tentacles
  305 tentacle segments
949 creatures vanquished.

Grand Total: 3166 creatures vanquished

Notes
Turn   | Place    | Note
-------+----------+-------------------------------------------
     0 | Abyss:1  | 4thArraOfDagon the Minotaur Abyssal Knight began the quest for the Orb.
     0 | Abyss:1  | Reached XP level 1. HP: 19/19 MP: 1/1
    66 | Abyss:2  | Noticed a neqoxec
    69 | Abyss:2  | Noticed an iron imp
    71 | D:1      | Escaped the Abyss
    92 | D:1      | Reached * piety under Lugonu
   127 | D:2      | Reached XP level 2. HP: 27/27 MP: 2/2
   183 | D:2      | Reached XP level 3. HP: 25/33 MP: 3/3
   210 | D:2      | Reached skill level 4 in Fighting
   266 | D:2      | Found a deep blue altar of Sif Muna.
   349 | D:3      | Found a glowing drain.
   371 | D:3      | Reached XP level 4. HP: 27/40 MP: 4/4
   386 | Sewer    | Entered a sewer
   462 | Sewer    | Noticed a big kobold
   464 | Sewer    | Reached ** piety under Lugonu
   472 | Sewer    | Killed a big kobold
   472 | Sewer    | Reached XP level 5. HP: 36/47 MP: 4/6
   530 | Sewer    | Reached skill level 5 in Fighting
   530 | Sewer    | Reached skill level 5 in Axes
   530 | Sewer    | Reached XP level 6. HP: 24/56 MP: 7/7
   655 | D:3      | Noticed Xiguana's ghost (amateur HESk)
   907 | D:4      | Noticed Purgy
   936 | D:4      | Killed Purgy
   974 | D:4      | Reached XP level 7. HP: 55/61 MP: 8/8
  1027 | D:5      | Entered Level 5 of the Dungeon
  1120 | D:5      | Got an ichor-stained scale mail
  1131 | D:5      | Identified the cursed +0 scale mail of Conuca {rElec rN++ rCorr Int-5} (You found it on level 5 of the Dungeon)
  1210 | D:5      | Found a glowing golden altar of the Shining One.
  1212 | D:5      | Noticed an angel
  1217 | D:5      | Found a basalt altar of Yredelemnul.
  1217 | D:5      | Noticed Grinder
  1219 | D:5      | Noticed a profane servitor
  1235 | D:5      | Paralysed by Grinder for 2 turns
  1242 | D:5      | HP: 1/62 [Grinder (11)]
  1253 | D:5      | Killed Grinder
  1253 | D:5      | Reached skill level 6 in Fighting
  1253 | D:5      | Reached skill level 5 in Armour
  1302 | D:5      | Reached *** piety under Lugonu
  1344 | D:5      | Reached XP level 8. HP: 70/71 MP: 10/10
  1438 | D:7      | Found an ancient bone altar of Kikubaaqudgha.
  1488 | D:7      | Noticed Menkaure
  1515 | D:6      | Gained mutation: You are partially covered in rough black scales. (AC +4, Dex -1) [potion of mutation]
  1515 | D:6      | Gained mutation: Your flesh is cold resistant. (rC+) [potion of mutation]
  1954 | D:7      | Reached skill level 7 in Fighting
  2010 | D:7      | Killed Menkaure
  2010 | D:7      | Reached skill level 5 in Invocations
  2087 | D:8      | Reached XP level 9. HP: 79/79 MP: 11/11
  2142 | D:8      | Gained mutation: Your flesh is very cold resistant. (rC++) [mutagenic meat]
  2146 | D:8      | Gained mutation: You tend to lose your temper in combat. [mutagenic meat]
  2158 | D:8      | Gained mutation: You are clumsy. (Dex -2) [mutagenic meat]
  2238 | D:8      | Noticed Pikel
  2251 | D:8      | Killed Pikel
  2260 | D:8      | Reached skill level 10 in Axes
  2297 | D:8      | Reached **** piety under Lugonu
  2321 | D:8      | Reached skill level 8 in Fighting
  2399 | D:9      | Reached skill level 5 in Dodging
  2559 | D:8      | Noticed Maurice
  2571 | D:8      | Killed Maurice
  2571 | D:8      | Reached XP level 10. HP: 86/90 MP: 13/13
  2612 | D:8      | Found a staircase to the Lair.
  2641 | D:8      | Sapher: like in a dream...regen into rpois
  2649 | D:9      | Noticed Erolcha
  2728 | D:9      | Found a shadowy altar of Dithmenos.
  2749 | D:9      | 4thArraOfDagon: yea
  2749 | D:9      | 4thArraOfDagon: hmm
  2783 | Lair:1   | Entered Level 1 of the Lair of Beasts
  2789 | Lair:1   | Noticed Nergalle
  2791 | Lair:1   | Banished Nergalle
  2927 | Lair:1   | Reached skill level 9 in Fighting
  2942 | Lair:1   | HP: 1/91 [yak (8)]
  3049 | Lair:2   | Noticed a griffon
  3061 | Lair:2   | Killed a griffon
  3138 | Lair:3   | Found a labyrinth entrance.
  3148 | Lab      | Entered a labyrinth
  3206 | Lab      | :(
  3385 | Lab      | Noticed a minotaur
  3395 | Lab      | Killed a minotaur
  3404 | Lab      | Got an ancient cloak
  3415 | Lab      | Identified the +0 cloak of the Unstoppable Wars {MR+ rCorr Str+2} (You found it in a labyrinth)
  3458 | Lair:3   | 4thArraOfDagon: its all about weapon so shit char anyway
  3499 | Lair:4   | Reached XP level 11. HP: 95/97 MP: 15/15
  3502 | Lair:4   | Noticed a six-headed hydra
  3511 | Lair:4   | Banished a six-headed hydra
  3799 | Lair:4   | Noticed a necromancer
  3807 | Lair:4   | Killed a necromancer
  3848 | Lair:4   | Noticed a death yak
  3848 | Lair:4   | Noticed a death yak
  3887 | Lair:5   | Noticed a six-headed hydra
  3888 | Lair:5   | Reached ***** piety under Lugonu
  3888 | Lair:5   | Banished a six-headed hydra
  3919 | Lair:5   | Found a viscous altar of Jiyva.
  3920 | Lair:5   | Found a staircase to the Slime Pits.
  3975 | Lair:6   | Entered Level 6 of the Lair of Beasts
  4030 | Lair:6   | Reached skill level 10 in Fighting
  4085 | Lair:6   | Noticed a six-headed hydra
  4086 | Lair:6   | Banished a six-headed hydra
  4308 | Lair:6   | Noticed a catoblepas
  4341 | Lair:6   | Killed a catoblepas
  4400 | Lair:6   | Reached skill level 10 in Armour
  4447 | Lair:6   | Noticed a death yak
  4447 | Lair:6   | Noticed a griffon
  4466 | Lair:6   | Killed a griffon
  4511 | Lair:6   | Killed a death yak
  4511 | Lair:6   | Reached XP level 12. HP: 30/108 MP: 17/17
  4594 | Lair:6   | Noticed a death yak
  4595 | Lair:6   | Noticed a death yak
  4622 | Lair:6   | Killed a death yak
  4657 | Lair:6   | Noticed a catoblepas
  4683 | Lair:6   | Killed a catoblepas
  4687 | Lair:6   | Noticed a death yak
  4710 | Lair:6   | Killed a death yak
  4720 | Lair:6   | Noticed a death yak
  4720 | Lair:6   | Noticed a death yak
  4720 | Lair:6   | Noticed a death yak
  4720 | Lair:6   | Noticed a death yak
  4720 | Lair:6   | Noticed a death yak
  4733 | Lair:6   | Killed a death yak
  4733 | Lair:6   | Reached skill level 11 in Fighting
  4738 | Lair:6   | Killed a death yak
  4738 | Lair:6   | Killed a death yak
  4744 | Lair:6   | Killed a death yak
  4751 | Lair:6   | Killed a death yak
  4754 | Lair:6   | HP: 4/165 [death yak (8)]
  4756 | Lair:6   | Killed a death yak
  4916 | Lair:6   | Noticed a death yak
  4916 | Lair:6   | Noticed a death yak
  4928 | Lair:6   | Killed a death yak
  4938 | Lair:6   | Killed a death yak
  4947 | Lair:6   | Noticed a catoblepas
  4984 | Lair:6   | Killed a catoblepas
  4984 | Lair:6   | Reached skill level 15 in Axes
  5013 | Lair:6   | :(
  5218 | Lair:5   | Noticed a six-headed hydra
  5223 | Lair:5   | Banished a six-headed hydra
  5322 | Lair:4   | Noticed a death yak
  5323 | Lair:4   | Noticed a death yak
  5348 | Lair:4   | Killed a death yak
  5348 | Lair:4   | Reached XP level 13. HP: 102/117 MP: 19/19
  5391 | Lair:4   | Reached skill level 12 in Fighting
  5675 | Lair:4   | Found a hole to the Spider Nest.
  5682 | Lair:4   | no
  5696 | Spider:1 | Entered Level 1 of the Spider Nest
  5840 | Spider:1 | Reached skill level 10 in Invocations
  5928 | Spider:1 | :(
  6225 | Spider:1 | Reached ****** piety under Lugonu
  6232 | Spider:1 | Identified a +2 broad axe of distortion (a +0 broad axe corrupted by Lugonu)
  6232 | Spider:1 | Received a gift from Lugonu
  6380 | Spider:1 | Reached skill level 13 in Fighting
  6455 | Spider:1 | Noticed Louise
  6508 | Spider:1 | Cast into level 2 of the Abyss (Louise)
  6509 | Abyss:2  | ty
  6554 | Abyss:2  | Noticed a bone dragon
  6565 | Abyss:2  | Got a pair of brightly glowing boots
  6566 | Spider:1 | Escaped the Abyss
  6580 | Lair:4   | Identified the +2 pair of boots of the Lizard {Int+3} (You found it on level 2 of the Abyss)
  6623 | Spider:1 | Noticed Azrael
  6633 | Spider:1 | Cast into level 2 of the Abyss (Louise)
  6633 | Abyss:2  | Found a corrupted altar of Lugonu.
  6674 | Abyss:2  | Found a roughly hewn altar of Beogh.
  6745 | Abyss:3  | Gained mutation: You are resistant to electric shocks. (rElec) [potion of mutation]
  6745 | Abyss:3  | Gained mutation: You are partially covered in thin metallic scales. (AC +2) [potion of mutation]
  6746 | Spider:1 | Escaped the Abyss
  6905 | Spider:1 | Killed Azrael
  6934 | Spider:1 | Learned a level 2 spell: Passwall
  7140 | Spider:2 | Noticed an entropy weaver
  7160 | Spider:2 | Got an ancient ring mail
  7228 | Spider:2 | Killed an entropy weaver
  7259 | Spider:2 | Reached XP level 14. HP: 116/129 MP: 20/20
  7334 | Spider:3 | Noticed an emperor scorpion
  7343 | Spider:3 | Banished an emperor scorpion
  7403 | Spider:3 | Noticed an emperor scorpion
  7451 | Spider:3 | Got an ichor-stained war axe
  7452 | Spider:3 | Identified the +5 war axe of Qeth {drain, Fragile rF+ Int+2 Dex+2} (You found it on level 3 of the Spider Nest)
  7494 | Spider:3 | Killed an emperor scorpion
  7507 | Spider:3 | Noticed Nikola
  7511 | Spider:3 | Corrupted Spider:3
  7511 | Spider:3 | Noticed a white very ugly thing
  7513 | Spider:3 | Killed Nikola
  7516 | Spider:3 | Noticed a starcursed mass
  7518 | Spider:3 | Noticed a tentacled starspawn
  7520 | Spider:3 | Noticed a tentacled starspawn
  7568 | Spider:3 | Noticed a bone dragon
  7623 | Spider:3 | Found a frozen archway.
  7632 | IceCv    | Entered an ice cave
  8082 | IceCv    | Noticed an Ice Fiend
  8083 | IceCv    | Corrupted IceCv
  8085 | IceCv    | Noticed a tentacled starspawn
  8088 | IceCv    | Noticed a tentacled starspawn
  8095 | IceCv    | Killed an Ice Fiend
  8115 | IceCv    | Noticed a tentacled starspawn
  8134 | IceCv    | Noticed a lich
  8245 | Spider:4 | Entered Level 4 of the Spider Nest
  8390 | Spider:4 | Reached skill level 1 in Evocations
  8422 | Spider:4 | Reached skill level 14 in Fighting
  8480 | Spider:4 | Noticed an emperor scorpion
  8520 | Spider:4 | Killed an emperor scorpion
  8566 | Spider:4 | Corrupted Spider:4
  8566 | Spider:4 | Noticed a tentacled starspawn
  8566 | Spider:4 | Noticed a tentacled starspawn
  8566 | Spider:4 | Noticed a starcursed mass
  8567 | Spider:4 | Noticed a ghost moth
  8576 | Spider:4 | Killed a ghost moth
  8591 | Spider:4 | Noticed a revenant
  8612 | Spider:4 | Noticed an emperor scorpion
  8612 | Spider:4 | Noticed an emperor scorpion
  8648 | Spider:4 | Killed an emperor scorpion
  8654 | Spider:4 | Killed an emperor scorpion
  8708 | Spider:4 | Noticed a ghost moth
  8723 | Spider:4 | Killed a ghost moth
  8750 | Spider:4 | Got a gossamer rune of Zot
  9271 | Lair:3   | Learned a level 2 spell: Sublimation of Blood
  9466 | Lair:2   | Found a staircase to the Shoals.
  9579 | Shoals:1 | Entered Level 1 of the Shoals
  9653 | Shoals:1 | Reached XP level 15. HP: 139/139 MP: 21/21
  9677 | Shoals:1 | Identified the cursed +1 ring mail of the Assorted Seas {rPois rCorr Dex+2} (You found it on level 2 of the Spider Nest)
  9692 | Shoals:1 | Noticed Aizul
  9712 | Shoals:1 | Killed Aizul
 10008 | Shoals:2 | Found Ehooll's Book Shop.
 10098 | Shoals:4 | Entered Level 4 of the Shoals
 10259 | Shoals:4 | Reached skill level 15 in Fighting
 10271 | Shoals:4 | Got a barnacled rune of Zot
 10290 | Shoals:4 | Reached skill level 5 in Evocations
 10326 | Shoals:3 | Noticed Jorgrun
 10419 | Shoals:4 | Corrupted Shoals:4
 10419 | Shoals:4 | Noticed a hellephant
 10420 | Shoals:4 | Noticed a deep elf sorcerer
 10446 | Shoals:4 | Noticed a tentacled starspawn
 10473 | Shoals:4 | Killed Ilsuiw
 10537 | Shoals:4 | Got a crude garnet amulet
 10627 | Shoals:4 | Got a faintly humming chain mail
 10758 | Shoals:2 | Identified the +8 chain mail "Asixez" {rElec Regen+ rCorr Dex-5} (You found it on level 4 of the Shoals)
 10878 | Shoals:1 | Reached skill level 15 in Armour
 10977 | Lair:2   | Identified 2 scrolls of acquirement
 11071 | Slime:1  | Entered Level 1 of the Pits of Slime
 11146 | Slime:2  | Noticed an acid blob
 11148 | Slime:2  | Gained mutation: You are weak. (Str -2) [a shining eye]
 11153 | Slime:1  | Gained mutation: You have supernaturally acute eyesight. (SInv) [a shining eye]
 11159 | Slime:1  | Gained mutation: You often lose your temper in combat. [a shining eye]
 11212 | Slime:1  | Paralysed by a great orb of eyes for 3 turns
 11241 | Slime:2  | Killed an acid blob
 11335 | Slime:4  | Noticed an acid blob
 11351 | Slime:4  | Killed an acid blob
 11351 | Slime:4  | Reached XP level 16. HP: 75/147 MP: 22/22
 11418 | Slime:5  | Entered Level 5 of the Pits of Slime
 11418 | Slime:5  | Noticed an acid blob
 11438 | Slime:4  | Killed an acid blob
 11492 | Slime:5  | Noticed an acid blob
 11666 | Slime:5  | Killed an acid blob
 11675 | Slime:5  | arkorax: what
 11676 | Slime:5  | Gained mutation: You occasionally shout uncontrollably at your foes. [a shining eye]
 11705 | Slime:5  | arkorax: hey i think you are too low of a level
 11706 | Slime:5  | arkorax: hehe
 11706 | Slime:5  | 4thArraOfDagon: nope
 11706 | Slime:5  | Noticed the Royal Jelly
 11710 | Slime:5  | Found a viscous altar of Jiyva.
 11715 | Slime:5  | Noticed an acid blob
 11719 | Slime:5  | Noticed an acid blob
 11720 | Slime:5  | Noticed an acid blob
 11721 | Slime:5  | Noticed an acid blob
 11723 | Slime:5  | Noticed an acid blob
 11725 | Slime:5  | arkorax: immolate?
 11728 | Slime:5  | Noticed an acid blob
 11731 | Slime:5  | Killed an acid blob
 11739 | Slime:5  | Corrupted Slime:5
 11746 | Slime:5  | Killed an acid blob
 11748 | Slime:5  | Killed an acid blob
 11754 | Slime:5  | Noticed a tentacled starspawn
 11761 | Slime:5  | Killed an acid blob
 11769 | Slime:5  | Killed an acid blob
 11778 | Slime:5  | Killed an acid blob
 11782 | Slime:5  | arkorax: xtreme speedrunning?
 11787 | Slime:5  | Noticed an acid blob
 11792 | Slime:5  | Noticed an acid blob
 11796 | Slime:5  | Killed the Royal Jelly
 11796 | Slime:5  | Reached skill level 16 in Fighting
 11797 | Slime:5  | Killed an acid blob
 11797 | Slime:5  | Killed an acid blob
 11798 | Slime:5  | 4thArraOfDagon: kinda
 11839 | Slime:5  | Noticed an acid blob
 11871 | Slime:5  | Killed an acid blob
 11938 | Slime:5  | Got a slimy cloak
 11964 | Slime:5  | Identified the Incunabulum of Poison and Flight (You found it on level 5 of the Pits of Slime)
 11967 | Slime:5  | Learned a level 2 spell: Repel Missiles
 11978 | Slime:5  | Gained mutation: Your magical capacity is low. (-10% MP) [potion of mutation]
 11978 | Slime:5  | Gained mutation: You are resistant to hostile enchantments. (MR+) [potion of mutation]
 11992 | Slime:5  | Noticed an acid blob
 12006 | Slime:5  | Killed an acid blob
 12014 | Slime:5  | Identified the Handbook of the Rocks and the Frostbite (You found it on level 5 of the Pits of Slime)
 12018 | Slime:5  | Identified the amulet of the Immovable Orbs {Dismiss +Blink rF+ Int-5} (You took it off a merfolk javelineer on level 4 of the Shoals)
 12031 | Slime:5  | Noticed an acid blob
 12050 | Slime:5  | Got a slimy rune of Zot
 12058 | Slime:5  | Got a scintillating steel ring
 12234 | D:8      | Noticed Psyche
 12242 | D:8      | Killed Psyche
 12279 | D:8      | Identified the +0 cloak of Leinus {Str+7} (You found it on level 5 of the Pits of Slime)
 12303 | D:8      | Identified the ring of Koovo {+Blink rN+ MP-9 Str+4} (You found it on level 5 of the Pits of Slime)
 12308 | D:8      | arkorax: got it?
 12308 | D:8      | arkorax: !
 12308 | D:8      | arkorax: 3 runes already
 12308 | D:8      | 4thArraOfDagon: ()
 12308 | D:8      | 4thArraOfDagon: lets uska this shit out
 12310 | D:8      | arkorax: uska is so good
 12317 | D:8      | arkorax: but ya need high invo
 12317 | D:8      | 4thArraOfDagon: is he good in extended?
 12317 | D:8      | arkorax: yea
 12317 | D:8      | arkorax: amazing
 12317 | D:8      | arkorax: you 1 shot the panlords and shit
 12317 | D:8      | arkorax: and paralyze
 12317 | D:8      | arkorax: also pain mirror
 12317 | D:8      | arkorax: i did extended and had an easy time with it
 12317 | D:8      | 4thArraOfDagon: but lugonu wrath is annoying :(
 12317 | D:8      | 4thArraOfDagon: no tele etc
 12317 | D:8      | arkorax: you have vamp so you might survive with just leeching
 12343 | D:9      | Killed Erolcha
 12361 | D:9      | Found a runed door.
 12565 | D:10     | Entered Level 10 of the Dungeon
 12823 | D:11     | magipi: zerkitis?
 12866 | D:11     | magipi: wtf
 12875 | D:11     | Lost mutation: You have supernaturally acute eyesight. (SInv) [mutagenic meat]
 12878 | D:11     | Gained mutation: You expend magic power (3 MP) to strengthen your wands. [mutagenic meat]
 12886 | D:11     | Noticed Grum
 12903 | D:11     | Killed Grum
 12924 | D:11     | Got a pitted chain mail
 12952 | D:12     | Identified the +0 chain mail of Time Monsters {rN++ Int+2} (You acquired it on level 11 of the Dungeon)
 13048 | D:13     | Found a gate to the Vaults.
 13048 | D:13     | Noticed Urug
 13081 | D:13     | Killed Urug
 13081 | D:13     | Reached XP level 17. HP: 160/160 MP: 12/21
 13149 | D:14     | Lost mutation: You occasionally shout uncontrollably at your foes. [mutagenic meat]
 13155 | D:14     | Gained mutation: You are partially covered in large bone plates. (AC +2, SH +2) [mutagenic meat]
 13158 | D:14     | Gained mutation: You have a pair of large horns on your head. [mutagenic meat]
 13161 | D:14     | Lost mutation: You often lose your temper in combat. [mutagenic meat]
 13167 | D:14     | Lost mutation: You are partially covered in rough black scales. (AC +4, Dex -1) [mutagenic meat]
 13171 | D:14     | arkorax: Can nikolas attack jump?
 13274 | D:12     | Turgon: I thought jump attacks were gone?
 13297 | D:12     | Turgon: are*
 13432 | D:12     | arkorax: well lightnihng jump?
 13546 | Vaults:1 | Entered Level 1 of the Vaults
 13583 | Vaults:1 | 4thArraOfDagon: chain lightning yea
 13738 | Vaults:1 | WHERE
 13763 | Vaults:1 | TF
 13899 | Vaults:1 | arkorax: has anyone noticed the new unique is trash
 13917 | Vaults:1 | Reached skill level 17 in Fighting
 13924 | Vaults:1 | Reached skill level 1 in Shields
 13964 | Vaults:2 | magipi: that lady whatever?
 13994 | Vaults:2 | Found a flickering gateway to a bazaar.
 14025 | Vaults:1 | Gained mutation: Your system is resistant to poisons. (rPois) [mutagenic meat]
 14028 | Vaults:1 | Lost mutation: You expend magic power (3 MP) to strengthen your wands. [mutagenic meat]
 14055 | Bazaar   | Entered a bazaar
 14078 | Bazaar   | Found Zosovit's Magic Scroll Boutique.
 14086 | Bazaar   | magipi: wasn't that a shop portal, what ya call it?
 14086 | Bazaar   | Bought a scroll of fog for 22 gold pieces
 14086 | Bazaar   | Bought a scroll of magic mapping for 38 gold pieces
 14086 | Bazaar   | Bought a scroll of teleportation for 33 gold pieces
 14097 | Bazaar   | magipi: nm
 14116 | Bazaar   | Found Samuy's Book Emporium.
 14162 | Bazaar   | Found Cishrimee's Magic Scroll Emporium.
 14170 | Bazaar   | Bought a scroll of enchant weapon for 67 gold pieces
 14170 | Bazaar   | Bought a scroll of enchant weapon for 67 gold pieces
 14170 | Bazaar   | Bought a scroll of enchant weapon for 67 gold pieces
 14170 | Bazaar   | Bought a scroll of blinking for 67 gold pieces
 14170 | Bazaar   | Bought a scroll of enchant armour for 67 gold pieces
 14171 | Bazaar   | timbw: book of air
 14185 | Bazaar   | timbw: dunno how it scales with sh though
 14218 | Bazaar   | Found Gungi's Gadget Emporium.
 14226 | Bazaar   | Bought a wand of teleportation (3/9) for 231 gold pieces
 14359 | Vaults:2 | Lost mutation: You are clumsy. (Dex -2) [mutagenic meat]
 14534 | Vaults:4 | Reached skill level 5 in Shields
 14601 | Vaults:5 | Entered Level 5 of the Vaults
 14601 | Vaults:5 | Noticed Frederick
 14608 | Vaults:5 | Noticed a tentacled monstrosity
 14623 | Vaults:5 | Killed a tentacled monstrosity
 14641 | Vaults:5 | Reached XP level 18. HP: 142/169 MP: 13/22
 14642 | Vaults:5 | Sapher: why no buffs
 14652 | Vaults:5 | Killed Frederick
 14653 | Vaults:5 | Noticed a tentacled monstrosity
 14659 | Vaults:5 | Killed a tentacled monstrosity
 14664 | Vaults:5 | magipi: next time you need a space in the backpack, consider throwing the degeneration potion
 14688 | Vaults:5 | 4thArraOfDagon: what buffs
 14752 | Vaults:5 | Sapher: dunno...usualy pepople have might/haste/agility in a backpack
 14757 | Vaults:5 | arkorax: this boi dont need no buffs
 14767 | Vaults:5 | arkorax: vamp axe carries
 14781 | Vaults:5 | Sapher: yea, but why risk
 14781 | Vaults:5 | Noticed a caustic shrike
 14781 | Vaults:5 | an acid blob changed into a caustic shrike
 14794 | Vaults:5 | Noticed a golden dragon
 14794 | Vaults:5 | a caustic shrike changed into a golden dragon
 14795 | Vaults:5 | a golden dragon changed into an iron dragon
 14803 | Vaults:5 | Noticed a caustic shrike
 14803 | Vaults:5 | an iron dragon changed into a caustic shrike
 14806 | Vaults:5 | a caustic shrike changed into an acid blob
 14807 | Vaults:5 | Noticed a golden dragon
 14807 | Vaults:5 | an acid blob changed into a golden dragon
 14808 | Vaults:5 | Noticed a caustic shrike
 14808 | Vaults:5 | a golden dragon changed into a caustic shrike
 14811 | Vaults:5 | a caustic shrike changed into an acid blob
 14852 | Vaults:5 | 4thArraOfDagon: got nothing :(
 14852 | Vaults:5 | 4thArraOfDagon: cant help
 14870 | Vaults:5 | Got a ring of the Octopus King
 14875 | Vaults:5 | Sapher: i would use last haste probably)
 14875 | Vaults:5 | Identified a ring of the Octopus King {AC+1 EV+1 Str+1 Int+1 Dex+1 Stlth+} (You found it on level 5 of the Vaults)
 14907 | Vaults:5 | Gained mutation: You are highly resistant to hostile enchantments. (MR++) [mutagenic meat]
 14952 | Vaults:5 | Gained mutation: You can translocate small distances at will. [mutagenic meat]
 15013 | Vaults:5 | Reached skill level 10 in Shields
 15033 | Vaults:5 | magipi: a bit overtrained axes
 15084 | Vaults:5 | Noticed a lich
 15091 | Vaults:5 | Sapher: he plans exec axe i guess
 15098 | Vaults:5 | Killed a lich
 15124 | Vaults:5 | Noticed a Hell Sentinel
 15136 | Abyss:1  | magipi: omg
 15150 | Abyss:1  | Noticed an ancient lich
 15150 | Abyss:1  | Turgon: argh
 15183 | Abyss:2  | Turgon: although... 18 HP is quite a lot for 4thArra
 15210 | Abyss:3  | Found a corrupted altar of Lugonu.
 15308 | Abyss:3  | Turgon: He won't go axes I guess
 15331 | Abyss:3  | Turgon: As he pushes shields, even by *
 15396 | Abyss:3  | magipi: yes, that is his hp AFTER healing up a bit
 15409 | Abyss:3  | Turgon: he won't go exec axe I meant
 15414 | Abyss:3  | Sapher: he has one in a backpack)) he is thinking))
 15414 | Abyss:3  | Turgon: So he will stick to broad axe
 15452 | Vaults:5 | Escaped the Abyss
 15453 | Vaults:5 | DIE
 15458 | Vaults:5 | Reached XP level 19. HP: 123/177 MP: 15/24
 15464 | Vaults:5 | magipi: these new tiles are ugly
 15467 | Vaults:5 | Turgon: "Thinking"? Hey, 4thArra, do you THINK when you play crawl?
 15482 | Vaults:5 | arkorax: nah new tiles are pretty pretty
 15747 | Vaults:5 | Identified the +6 scale mail of Loss {rElec Str+4 Int+4} (You took it off a vault warden on level 5 of the Vaults)
 15814 | Vaults:5 | Got a translucent bone amulet
 15815 | Vaults:5 | Identified the amulet "Qafui" {Gourm rElec} (You took it off a yaktaur on level 5 of the Vaults)
 15922 | Vaults:5 | Got a silver rune of Zot
 16015 | Vaults:5 | Found Lawogh's Magic Scroll Boutique.
 16016 | Vaults:5 | Found Teats's Jewellery Emporium.
 16021 | Vaults:5 | Found Luditsie's Book Boutique.
 16025 | Vaults:5 | Bought a scroll of teleportation for 63 gold pieces
 16025 | Vaults:5 | Bought a scroll of magic mapping for 73 gold pieces
 16025 | Vaults:5 | Found Qaab's Gadget Shoppe.
 16066 | Vaults:5 | Found Goobap's Gadget Shop.
 16078 | Vaults:5 | Bought a wand of teleportation (4/9) for 480 gold pieces
 16090 | Vaults:5 | magipi: training shields, so it does not seem like the exec axe has much chance to see play
 16090 | Vaults:5 | Bought the cursed ring "Atainoh" {rPois rF+++ Int-3 Dex-3 Stlth+} for 705 gold pieces
 16090 | Vaults:5 | Bought the ring of Baicimed {rN++ MR- AC+2} for 419 gold pieces
 16109 | Vaults:5 | Bought a scroll of enchant weapon for 157 gold pieces
 16109 | Vaults:5 | Bought a scroll of identify for 42 gold pieces
 16109 | Vaults:5 | Bought a scroll of fog for 42 gold pieces
 16109 | Vaults:5 | Bought a scroll of holy word for 157 gold pieces
 16110 | Vaults:5 | Turgon: stop
 16118 | Vaults:5 | Turgon: you left items at shop
 16120 | Vaults:5 | Noticed a golden dragon
 16135 | Vaults:5 | Turgon: !
 16136 | Vaults:5 | Killed a golden dragon
 16143 | Vaults:5 | Turgon: they were put outside
 16160 | Vaults:4 | Sapher: he left the axe on purpose
 16218 | Vaults:4 | Turgon: mhmm
 16223 | Vaults:3 | Sapher: he is saying "fuck exec axe"
 16296 | Vaults:3 | Found a staircase to the Crypt.
 16322 | Crypt:1  | Entered Level 1 of the Crypt
 16441 | Crypt:1  | Got a crude wooden ring
 16443 | Crypt:1  | Identified the ring "Jathim" {rPois rF+ rN++ Str+3 Int-4} (You found it on level 1 of the Crypt)
 16444 | Crypt:1  | ohhh
 16448 | Crypt:1  | Sapher: vamp axe should be branded..
 16450 | Crypt:1  | arkorax: vamp is op
 16450 | Crypt:1  | arkorax: and awesome
 16450 | Crypt:1  | Sapher: not now
 16454 | Crypt:1  | arkorax: eh
 16472 | Crypt:2  | Turgon: well, it can be useful in pan and hells vs some foes
 16472 | Crypt:2  | arkorax: crypt is easy (right?)
 16524 | Crypt:2  | Reached XP level 20. HP: 184/184 MP: 16/25
 16558 | Crypt:3  | Entered Level 3 of the Crypt
 16568 | Crypt:3  | Turgon: right
 16596 | Crypt:3  | Sapher: crypt? i was sure he is going for tomb
 16619 | Crypt:3  | Turgon: he will
 16663 | Crypt:3  | Turgon: but question was about crypt
 16724 | Crypt:3  | arkorax: prob brand axe later
 16730 | Crypt:3  | Found a basalt altar of Yredelemnul.
 16731 | Crypt:3  | arkorax: with distortion
 16921 | Crypt:3  | 4thArraOfDagon: rebrand?
 16924 | Crypt:3  | Noticed a bone dragon
 16927 | Crypt:3  | 4thArraOfDagon: no regen spell:(
 16944 | Crypt:3  | Killed a bone dragon
 17012 | Crypt:3  | Noticed a profane servitor
 17033 | Crypt:3  | Killed a profane servitor
 17035 | Crypt:3  | Identified the +1 scale mail "Potro" {rElec Str+4} (You took it off a death knight on level 3 of the Crypt)
 17157 | Crypt:3  | Reached skill level 15 in Shields
 17266 | Crypt:3  | Found a staircase to the Tomb.
 17281 | Crypt:3  | Identified the Catalogue of Stolen Souls (You found it on level 3 of the Crypt)
 17288 | Crypt:3  | 4thArraOfDagon: :(
 17297 | Crypt:3  | arkorax: for tomb?
 17298 | Crypt:3  | arkorax: nvm
 17338 | Crypt:3  | magipi: nice
 17345 | Tomb:1   | Entered Level 1 of the Tomb of the Ancients
 17346 | Tomb:1   | arkorax: nice regen
 17359 | Tomb:1   | Learned a level 4 spell: Passage of Golubria
 17362 | Tomb:1   | Learned a level 2 spell: Swiftness
 17421 | Tomb:1   | arkorax: corrupt each floor
 17432 | Tomb:1   | Reached skill level 1 in Translocations
 17436 | Tomb:1   | Reached skill level 1 in Spellcasting
 17481 | Tomb:1   | arkorax: so you dont have to do tomb 1, 2, 1
 17485 | Tomb:1   | Turgon: Holla! Digging works in tomb??
 17506 | Tomb:1   | arkorax: apparently ;p
 17523 | Tomb:1   | Turgon: First time I see it
 17537 | Tomb:1   | Leszczynek: on the outside walls of level 1 you can
 17544 | Tomb:1   | Leszczynek: not really elsewhere
 17614 | Tomb:1   | Sapher: who cares about first two floors)
 17626 | Tomb:1   | Noticed a greater mummy
 17675 | Tomb:1   | Killed a greater mummy
 17741 | Tomb:1   | arkorax: true that
 17746 | Tomb:1   | arkorax: just tele in tomb 2
 17774 | Tomb:1   | Reached XP level 21. HP: 117/188 MP: 18/27
 17853 | Tomb:2   | Noticed a greater mummy
 17853 | Tomb:2   | Sapher: oh...new layout?
 17930 | Tomb:2   | Noticed a greater mummy
 17940 | Tomb:2   | Turgon: This layout is not new afaik
 17948 | Tomb:2   | Noticed a greater mummy
 17953 | Tomb:2   | 4thArraOfDagon: new???
 17953 | Tomb:2   | 4thArraOfDagon: from what epoch did you just came...
 17953 | Tomb:2   | Sapher: i see walls for the first time
 17953 | Tomb:2   | arkorax: not new
 17953 | Tomb:2   | Sapher: near stairs
 17953 | Tomb:2   | arkorax: really?
 17953 | Tomb:2   | 4thArraOfDagon: yeah
 17958 | Tomb:2   | arkorax: sometimes you get little squares and shit
 17960 | Tomb:2   | Noticed a greater mummy
 17963 | Tomb:2   | arkorax: corrupt!
 17975 | Tomb:2   | Leszczynek: we just don't do tomb often to recognize layouts ha ha
 18009 | Tomb:2   | Leszczynek: though i did have this one once
 18020 | Tomb:3   | Entered Level 3 of the Tomb of the Ancients
 18027 | Tomb:3   | Reached skill level 5 in Translocations
 18118 | Tomb:3   | Turgon: That's the time when I always press F3
 18133 | Tomb:3   | Turgon: Because F3 is regen key in my games
 18137 | Tomb:3   | Noticed a greater mummy
 18142 | Tomb:3   | Noticed an ancient lich
 18145 | Tomb:3   | Noticed a greater mummy
 18242 | Tomb:3   | Noticed a greater mummy
 18328 | Tomb:2   | 4thArraOfDagon: look
 18328 | Tomb:2   | 4thArraOfDagon: look at this
 18331 | Tomb:2   | Turgon: Btw, did you put on rN++ ring?
 18334 | Tomb:3   | Corrupted Tomb:3
 18335 | Tomb:3   | hf guys
 18335 | Tomb:3   | Noticed an ancient lich
 18339 | Tomb:3   | Noticed a greater mummy
 18345 | Tomb:3   | Killed an ancient lich
 18360 | Tomb:3   | Killed an ancient lich
 18362 | Tomb:3   | Noticed an ancient lich
 18367 | Tomb:3   | Sapher: stylish way to die))
 18367 | Tomb:3   | Killed a greater mummy
 18407 | Tomb:3   | Paralysed by an ancient lich for 4 turns
 18411 | Tomb:3   | Killed an ancient lich
 18412 | Tomb:3   | Noticed a greater mummy
 18414 | Abyss:1  | :D
 18433 | Abyss:1  | Leszczynek: well, time to get another rune i guess
 18437 | Abyss:1  | incide: inb4 splat in abyss
 18497 | Abyss:1  | Found a hide-covered altar of Uskayaw.
 18503 | Abyss:1  | uskay!
 18503 | Abyss:1  | 4thArraOfDagon: naa
 18506 | Abyss:1  | Fell from the grace of Lugonu
 18506 | Abyss:1  | Became a worshipper of Uskayaw the Reveler
 18507 | Abyss:1  | Sapher: i didnt like lugonu anyway
 18511 | Abyss:1  | magipi: holy smoke
 18531 | Abyss:1  | Reached * piety under Uskayaw
 18538 | Abyss:1  | Reached ** piety under Uskayaw
 18539 | Abyss:1  | Reached *** piety under Uskayaw
 18548 | Abyss:1  | Leszczynek: go into your god's domain only to leave her right there, rude
 18548 | Abyss:1  | WHAT
 18550 | Abyss:1  | magipi: :D
 18562 | Abyss:1  | Turgon: The wrath of Lucy hits you. You are cast from the abyss into the abyss!
 18606 | Abyss:1  | Found a burning altar of Makhleb.
 18620 | Abyss:1  | Turgon: Makh!
 18661 | Abyss:1  | magipi: the wrath of lucy will be to wander 20k turns before finding an exit
 18668 | Abyss:1  | magipi: poetic
 18711 | Tomb:3   | Escaped the Abyss
 18713 | Tomb:3   | magipi: she screwed it up
 18724 | Tomb:3   | Reached **** piety under Uskayaw
 18725 | Tomb:3   | :)
 18727 | Tomb:3   | Noticed a greater mummy
 18734 | Tomb:3   | Reached ***** piety under Uskayaw
 18738 | Tomb:3   | Killed a greater mummy
 18747 | Tomb:3   | Got a golden rune of Zot
 18748 | Tomb:3   | Leszczynek: op god plz nerf
 18809 | Tomb:3   | Sapher: does that work on pan lords?
 18809 | Tomb:3   | incide: ye
 18824 | Tomb:3   | Killed a greater mummy
 18824 | Tomb:3   | Reached skill level 5 in Spellcasting
 18829 | Tomb:3   | incide: telefragging works on everything i think
 18836 | Tomb:3   | Leszczynek: yep, unique ones too
 18844 | Tomb:3   | arkorax: it works on everything
 18856 | Tomb:3   | arkorax: even hell lords
 18867 | Tomb:3   | arkorax: its awesome btw
 18875 | Tomb:3   | W
 18877 | Tomb:3   | Leszczynek: lom lobon or cerebov are as good as a rat against this ability
 18878 | Tomb:3   | incide: now escape into zig
 19007 | Tomb:3   | Killed a greater mummy
 19037 | Tomb:3   | Killed a greater mummy
 19083 | Tomb:3   | incide: ooh randart pda
 19083 | Tomb:3   | magipi: good stuff
 19087 | Tomb:3   | Identified the cursed +1 pearl dragon armour "Leamnad" {-Cast rC+ rN+ rCorr Slay+3} (You found it on level 3 of the Tomb of the Ancients)
 19088 | Tomb:3   | :(
 19089 | Tomb:3   | Identified the +10 battleaxe "Neiratea" {freeze, MR+ Str+4 Dex-5 Stlth+} (You found it on level 3 of the Tomb of the Ancients)
 19117 | Tomb:3   | uhhh
 19181 | Tomb:1   | Noticed a greater mummy
 19365 | Crypt:2  | Noticed Mennas
 19720 | D:15     | Entered Level 15 of the Dungeon
 19720 | D:15     | Found Gaujaut's Antique Armour Shoppe.
 19732 | D:15     | Bought a warped shield for 171 gold pieces
 19732 | D:15     | Bought a pair of glowing gloves for 81 gold pieces
 19732 | D:15     | Identified the +3 shield of the Slug {MP+9 Dex+5} (You bought it in a shop on level 15 of the Dungeon)
 19733 | D:15     | hmm
 19951 | D:15     | Found a staircase to the Depths.
 19961 | Depths:1 | Entered Level 1 of the Depths
 19968 | Depths:1 | magipi: this ushka dude is doing well
 19969 | Depths:1 | Reached XP level 22. HP: 192/199 MP: 28/28
 19977 | Depths:1 | Reached ****** piety under Uskayaw
 19992 | Depths:1 | Reached skill level 18 in Fighting
 20069 | Depths:2 | Sapher: not really...makh would let tab here
 20171 | Depths:2 | Reached skill level 19 in Fighting
 20180 | Depths:2 | Found a gateway to a ziggurat.
 20201 | Zig:1    | Entered Level 1 of a ziggurat
 20201 | Zig:1    | Noticed a Killer Klown
 20211 | Zig:1    | Killed a Killer Klown
 20222 | Zig:2    | Entered Level 2 of a ziggurat
 20241 | Zig:3    | Entered Level 3 of a ziggurat
 20241 | Zig:3    | Noticed Wat Raes the pandemonium lord
 20255 | Zig:3    | Killed Wat Raes the pandemonium lord
 20260 | Zig:3    | Reached skill level 20 in Fighting
 20263 | Zig:4    | Entered Level 4 of a ziggurat
 20268 | Zig:4    | Reached XP level 23. HP: 110/216 MP: 29/29
 20281 | Zig:4    | arkorax: so does uska
 20323 | Zig:4    | arkorax: if you have a lot of invo
 20377 | Zig:5    | Entered Level 5 of a ziggurat
 20396 | Zig:6    | Entered Level 6 of a ziggurat
 20456 | Zig:7    | Entered Level 7 of a ziggurat
 20549 | Zig:8    | Entered Level 8 of a ziggurat
 20577 | Zig:8    | Reached skill level 21 in Fighting
 20657 | Zig:9    | Entered Level 9 of a ziggurat
 20658 | Zig:9    | arkorax: hey can i ask if firestarter works in slime?
 20762 | Zig:10   | Entered Level 10 of a ziggurat
 20787 | Zig:10   | Leszczynek: i see !exp is bugged in general, not only in my game
 20791 | Zig:10   | Reached XP level 24. HP: 187/231 MP: 29/29
 20807 | Zig:10   | Noticed an ancient lich
 20817 | Zig:10   | Leszczynek: it doesn't grant the level advance on its own even though it gives you exp necessary for it
 20824 | Zig:10   | arkorax: whats bugged?
 20825 | Zig:10   | Leszczynek: you need to kill an additional monster
 20829 | Zig:10   | Killed an ancient lich
 20829 | Zig:10   | Reached skill level 22 in Fighting
 20830 | Zig:10   | Leszczynek: for the level up to kick in
 20835 | Zig:10   | Leszczynek: i mean xl+1 to kick in
 20902 | Depths:2 | Reached XP level 25. HP: 119/240 MP: 29/29
 21074 | Depths:4 | our beloved layout
 21111 | Depths:3 | arkorax: oh yea saw that
 21131 | Depths:3 | Found a gateway to Hell.
 21143 | Hell     | Entered the Vestibule of Hell
 21143 | Hell     | Noticed Geryon
 21149 | Hell     | Noticed Murray
 21176 | Hell     | Gained mutation: Scrolls take you a little longer to read. [a cacodemon]
 21236 | Hell     | Reached skill level 15 in Invocations
 21268 | Hell     | Found a gateway to the ashen valley of Gehenna.
 21331 | Hell     | Leszczynek: !stalk 4tharraofdagon
 21333 | Hell     | beem: 4thArraOfDagon the L25 MiAK^Uskayaw in Hell (cxc tiles), T:21143, runes: 5 (golden, silver, slimy...), defenses: 35/9/20, stats: 35/10/14, >15 skills: Fighting,Axes,Armour,Shields
 21336 | Geh:1    | Entered Level 1 of Gehenna
 21336 | Geh:1    | Found a gateway to Hell.
 21353 | Geh:2    | Found a gateway to Hell.
 21353 | Geh:2    | Found a gateway to Hell.
 21363 | Geh:3    | Found a gateway to Hell.
 21363 | Geh:3    | Found a gateway to Hell.
 21366 | Geh:3    | Leszczynek: this is without sustat, right?
 21386 | Geh:4    | Found a gateway to Hell.
 21458 | Geh:4    | Reached skill level 23 in Fighting
 21529 | Geh:5    | Found a gateway to Hell.
 21544 | Geh:5    | Lost mutation: Your flesh is very cold resistant. (rC++) [mutagenic glow]
 21584 | Geh:5    | Gained mutation: You are very weak. (Str -4) [mutagenic glow]
 21605 | Geh:6    | Found a gateway to Hell.
 21709 | Geh:6    | Found a gateway to Hell.
 21764 | Geh:7    | Entered Level 7 of Gehenna
 21764 | Geh:7    | Found a gateway to Hell.
 21764 | Geh:7    | Found a gateway to Hell.
 21764 | Geh:7    | Found a gateway to Hell.
 21864 | Geh:7    | magipi: this is not going well
 21900 | Geh:7    | Reached skill level 24 in Fighting
 21919 | Geh:7    | Leszczynek: note that he's not going below 60 hp
 22106 | Geh:7    | Sapher: he will)
 22183 | Geh:7    | Identified a +9 rod of shadows (12/12) (You found it on level 10 of a ziggurat)
 22297 | Geh:7    | 4thArraOfDagon: can it be there?
 22325 | Geh:7    | Sapher: i bet on top right
 22488 | Geh:7    | Noticed Asmodeus
 22506 | Geh:7    | Sapher: ^_^
 22511 | Geh:7    | Sapher: 1-0 makhleb wins
 22523 | Geh:7    | Got an obsidian rune of Zot
 22532 | Geh:7    | Reached skill level 25 in Fighting
 22532 | Geh:7    | Reached XP level 26. HP: 50/258 MP: 30/30
 22556 | Hell     | Found a gateway to the decaying netherworld of Tartarus.
 22605 | Hell     | Killed Geryon
 22690 | Hell     | Found a gateway to the Iron City of Dis.
 22696 | Dis:1    | Entered Level 1 of the Iron City of Dis
 22696 | Dis:1    | Found a gateway to Hell.
 22961 | Dis:1    | Charly: is this new god any good?
 22978 | Dis:2    | Found a gateway to Hell.
 22990 | Dis:2    | Sapher: for speedrun? no
 22996 | Dis:2    | 4thArraOfDagon: no
 22996 | Dis:2    | 4thArraOfDagon: you have to keep fighting to maintain any good abs
 22996 | Dis:2    | 4thArraOfDagon: and in speedruns you avoid fighting so...
 23011 | Dis:2    | Leszczynek: then why did you change?
 23031 | Dis:2    | Found a gateway to Hell.
 23037 | Dis:2    | You are sucked into a shaft for 2 floors!
 23038 | Dis:4    | 4thArraOfDagon: 1. for fun
 23038 | Dis:4    | 4thArraOfDagon: 2. lugonu is even worse
 23058 | Dis:5    | Found a gateway to Hell.
 23074 | Dis:5    | Found a gateway to Hell.
 23099 | Dis:5    | You are sucked into a shaft!
 23189 | Dis:6    | Found a burning altar of Makhleb.
 23270 | Dis:6    | Reached skill level 26 in Fighting
 23300 | Dis:6    | Criton: Whats the best god for a speed run?
 23310 | Dis:6    | Gained mutation: Armour fits poorly on your strangely shaped body. [mutagenic glow]
 23335 | Dis:6    | Charly: this new hell feels soooo much harder
 23393 | Dis:6    | Charly: Makhleb,Chei
 23410 | Dis:6    | Gained mutation: Scrolls take you longer to read. [mutagenic glow]
 23463 | Dis:7    | Entered Level 7 of the Iron City of Dis
 23463 | Dis:7    | Found a gateway to Hell.
 23570 | Dis:7    | Charly: passive para seems pretty good
 23609 | Dis:7    | WHY
 23865 | Dis:7    | arkorax: robust?
 23888 | Dis:7    | Leszczynek: maxed fighting
 23899 | Dis:7    | arkorax: ahh
 24008 | Dis:7    | Gained mutation: Potions and wands are less effective at restoring your health. [a cacodemon]
 24024 | Dis:7    | Reached skill level 27 in Fighting
 24209 | Dis:7    | Noticed the Serpent of Hell
 24218 | Dis:7    | arkorax: oh boy
 24228 | Dis:7    | Killed the Serpent of Hell
 24284 | Dis:7    | Reached XP level 27. HP: 60/273 MP: 31/31
 24301 | Dis:7    | wow
 24303 | Dis:7    | Gained mutation: You often lose your temper in combat. [a cacodemon]
 24380 | Dis:7    | Noticed Dispater
 24408 | Dis:7    | Got an iron rune of Zot
 24420 | Dis:7    | Gained mutation: Your magical capacity is very low. (-20% MP) [a cacodemon]
 24430 | Dis:7    | Lost mutation: Scrolls take you longer to read. [potion of cure mutation]
 24430 | Dis:7    | Lost mutation: Scrolls take you a little longer to read. [potion of cure mutation]
 24430 | Dis:7    | Lost mutation: Your system is resistant to poisons. (rPois) [potion of cure mutation]
 24430 | Dis:7    | Lost mutation: You are highly resistant to hostile enchantments. (MR++) [potion of cure mutation]
 24430 | Dis:7    | Lost mutation: Your magical capacity is very low. (-20% MP) [potion of cure mutation]
 24431 | Dis:7    | Lost mutation: You are resistant to electric shocks. (rElec) [potion of cure mutation]
 24431 | Dis:7    | Lost mutation: Your magical capacity is low. (-10% MP) [potion of cure mutation]
 24431 | Dis:7    | Lost mutation: You often lose your temper in combat. [potion of cure mutation]
 24431 | Dis:7    | Lost mutation: Armour fits poorly on your strangely shaped body. [potion of cure mutation]
 24431 | Dis:7    | Lost mutation: You have a pair of large horns on your head. [potion of cure mutation]
 24431 | Dis:7    | Lost mutation: Potions and wands are less effective at restoring your health. [potion of cure mutation]
 24640 | Hell     | Found a gateway to the freezing wastes of Cocytus.
 24649 | Coc:1    | Entered Level 1 of Cocytus
 24649 | Coc:1    | Found a gateway to Hell.
 24656 | Coc:1    | 4thArraOfDagon: didnt want to max fighting:(
 24659 | Coc:1    | 4thArraOfDagon: how to set notification
 24724 | Coc:2    | Found a gateway to Hell.
 24724 | Coc:2    | Found a gateway to Hell.
 24724 | Coc:2    | 4thArraOfDagon: how to write condition in ready function
 24724 | Coc:2    | 4thArraOfDagon: if any_skill=26 then stop
 24742 | Coc:2    | Leszczynek: https://www.reddit.com/r/dcss/comments/4kuz67/skill_alert_lua_script/
 24752 | Coc:2    | Leszczynek: google finds this
 24752 | Coc:2    | Found a gateway to Hell.
 24773 | Coc:2    | Leszczynek: but i haven't looked at it yet
 24826 | Coc:2    | Paralysed by accursed screaming for 1 turns
 24827 | Coc:3    | Found a gateway to Hell.
 24830 | Coc:3    | Gained mutation: You are occasionally teleported next to monsters. [mutagenic glow]
 24832 | Coc:3    | Found a gateway to Hell.
 24874 | Coc:4    | Found a gateway to Hell.
 24881 | Coc:5    | Found a gateway to Hell.
 24892 | Coc:5    | Criton: Why not max a skill? Curious.
 24927 | Coc:5    | Lost mutation: You tend to lose your temper in combat. [mutagenic glow]
 25069 | Coc:6    | Found a gateway to Hell.
 25069 | Coc:6    | Leszczynek: for a different title maybe
 25079 | Coc:7    | Entered Level 7 of Cocytus
 25079 | Coc:7    | Found a gateway to Hell.
 25079 | Coc:7    | Found a gateway to Hell.
 25079 | Coc:7    | Found a gateway to Hell.
 25080 | Coc:7    | 4thArraOfDagon: wanted uska title:(
 25094 | Coc:7    | Leszczynek: ohh, this layout
 25103 | Coc:7    | Leszczynek: i want to see how to handle it
 25153 | Coc:7    | Criton: Ohh..
 25167 | Coc:7    | Sapher: by checking corners one by one...
 25167 | Coc:7    | Got a faintly glowing ruby amulet
 25180 | Coc:7    | Got a wavering copper ring
 25186 | Coc:7    | Identified the ring "Ycsiesch" {SustAt Str+7} (You found it on level 7 of Cocytus)
 25187 | Coc:7    | Leszczynek: i bet speedrunning was easier back when ctele was in the game
 25187 | Coc:7    | Identified the amulet "Xeimpuej" {RegenMP rF- Str+7 SInv} (You found it on level 7 of Cocytus)
 25199 | Coc:7    | Leszczynek: and evocable tele rings
 25205 | Coc:7    | Sapher: but now less floors!
 25228 | Coc:7    | magipi: why
 25247 | Coc:7    | Lost mutation: You are very weak. (Str -4) [potion of cure mutation]
 25247 | Coc:7    | Lost mutation: You are weak. (Str -2) [potion of cure mutation]
 25247 | Coc:7    | Lost mutation: You are resistant to hostile enchantments. (MR+) [potion of cure mutation]
 25247 | Coc:7    | Lost mutation: You are partially covered in thin metallic scales. (AC +2) [potion of cure mutation]
 25248 | Coc:7    | :(
 25320 | Coc:7    | Sapher: i dunno why they reduce lair to 6 floors...
 25360 | Coc:7    | Sapher: orcs to 2
 25387 | Coc:7    | magipi: less xp, harder and faster game
 25398 | Coc:7    | Leszczynek: i like the orc change though
 25401 | Coc:7    | Leszczynek: orc was horribly boring for normal playing at least
 25404 | Coc:7    | magipi: elliptic is too good, wants a harder game
 25434 | Coc:7    | Killed from afar by a shard shrike

Vault maps used:
D:1:      moated_graveyard_arrival
D:2:      lemuel_upstairs_altar, lemuel_crystal_altar
D:3:      ashenzari_conservatory_becter, portal_sewer_entry_c, first_bread
D:4:      old_forge, uniq_purgy
D:5:      grunt_temple_overflow_holy_war, kennysheep_little_box,
          kennysheep_generic_room_8, uniq_blork_the_orc, uniq_grinder
D:6:      trog_ov_bears_minmay, eat_drink_and_be_merry_uskayaw,
          serial_corexii_hall, corexii_hall_statues_l, corexii_hall_statues_s
D:7:      overflow_temple_1_default, nicolae_sextant, minmay_nine_imps,
          uniq_menkaure
D:8:      overflow_temple_1_default, grunt_lair_entry_orc_guard_hut,
          hangedman_pestilent_swarm, minmay_small_thing, uniq_psyche,
          uniq_pikel, uniq_maurice
D:9:      lemuel_doored_altar, grunt_ministairs_11, minivault_13, uniq_erolcha
D:10:     erik_orc_1, uniq_josephine
D:11:     cheibriados_altar_1, uniq_grum
D:12:     wad_cavern_with_rooms, fungi_pond_lemuel
D:13:     david_vaults_3, grunt_decor_clamped, dk_noncrumbling_3
D:14:     minmay_box_of_statues, minmay_misc_feat_rows, wad_mini_maze
D:15:     gammafunk_enter_depths_forms, nicolae_trove_entry_diagonal,
          serial_shops, nicolae_shop_overgrown_old_shop, serial_bayou_pond_e,
          grunt_decor_mini_mirrors
Lair:1:   beast_lair_carwin_2, uniq_nergalle
Lair:2:   minmay_shoals_entry_beasts, serial_bayou_shore_a
Lair:3:   lab_entry_generic, cheibrodos_lair_caveside_slide,
          serial_bayou_shore_b
Lair:4:   spider_nest_entry_rubble, eino_house_with_fridge
Lair:5:   boulder_dual_corridor_run, slime_altar_1, beast_lair_carwin_9
Lair:6:   evilmike_catoblepas_cave
Shoals:1: nicolae_shoals_square_sea_wall, uniq_aizul
Shoals:2: serial_shops, shop, uniq_polyphemus
Shoals:3: nicolae_shoals_so_close, uniq_jorgrun, uniq_roxanne
Shoals:4: shoals_end_simple, shoal_ilsuiw
Spider:1: uniq_azrael, uniq_louise
Spider:2: uniq_arachne
Spider:3: portal_ice_cave_entry_pillars_1, uniq_mara, uniq_nikola
Spider:4: grunt_spider_rune_parallel, spider_trap, nicolae_orb_island
Slime:1:  cheibrodos_slime_lost_civilization_7
Vaults:1: nicolae_vaults_inception_corners, nicolae_vaults_circle_grid_a,
          nicolae_vaults_big_angled_halls, v_misc_22, vaults_room_large_hall,
          v_misc_22, serial_ice_h, nicolae_vaults_specimen_jars,
          nicolae_vaults_little_squares_4, vaults_dpeg_diagonal,
          nicolae_vaults_mini_display_case
Vaults:2: hangedman_vaults_maws, hangedman_vaults_snaps, vaults_dpeg_hooks,
          vaults_room_pool, vaults_dpeg_encased_lava, v_misc_12, v_misc_14,
          vaults_mumra_hexcomb, vaults_room_stairs_pillars, serial_shops,
          bzr_entry_water
Vaults:3: nicolae_vaults_little_squares_6, minmay_crypt_entry_simple_statues,
          vaults_dpeg_spiral, nicolae_vaults_network_barrier,
          ontoclasm_vaults_eye, ontoclasm_vaults_misaligned,
          vaults_room_door_hall, hangedman_vaults_stretched_pinwheel,
          st_smaller_cells, nicolae_vaults_ring_of_whatevers, vaults_mumra_lcd,
          nicolae_vaults_sealed_display, ontoclasm_vaults_twist,
          hangedman_vaults_trim, vaults_room_fours, uniq_saint_roka
Vaults:4: nicolae_vaults_murderbox, v_misc_33, vaults_room_door_hall, v_misc_25,
          hangedman_vaults_stitches, nicolae_vaults_ninety_degrees,
          vaults_room_fours, ontoclasm_vaults_bender,
          nicolae_vaults_yaktaur_gun_rack, vaults_room_grid,
          nicolae_vaults_little_squares_1, ontoclasm_vaults_decontamination,
          uniq_jory
Vaults:5: uniq_frederick
Crypt:1:  feat_on_display, grunt_crypt_arrival_guarded_gate
Crypt:2:  ragdoll_tomb_raider, uniq_boris, uniq_donald, uniq_mennas
Crypt:3:  grunt_crypt_end_deaths_head
Depths:1: abyss_entry, hell_entry, rand_demon_pan_entry_3,
          minmay_misc_feat_five, lightli_minifort
Depths:2: minmay_fractal_lines_corner, enter_ziggurat_d, kennysheep_nub,
          grunt_hell_entry_dis_grunt, hangedman_abyss_or_decor_passed,
          kennysheep_random_hallway, infiniplex_staircase_squiggle
Depths:3: little_maze_vault, grunt_pan_entry_zigzag,
          serial_sigils_hangedman_writhe, pf_hell_entry_tar_spiral,
          nicolae_abyss_entry_one_way_or_another, grunt_megastairs_2,
          firewood_loft
Depths:4: grunt_runaround, serial_shops, hell_entry, abyss_entry, uniq_sojobo
Dis:5:    nicolae_dis_strange_trophy_room
Dis:6:    kennysheep_iron_temple, hangedman_dis_decor_blocks_crown
Dis:7:    dis_st
Geh:1:    grunt_megastairs_3
Geh:3:    lemuel_flamethrower_3
Geh:7:    geh_hangedman
Coc:7:    coc_dpeg
Abyss:1:  eino_small_chamber_without_monster,
          hangedman_abyss_or_decor_lesser_grid
Abyss:2:  evilmike_abyss_exit_14, abyss_furniture_001,
          guppyfry_abyss_exit_imp_island
Abyss:3:  nicolae_abyss_rune_left_handed, hangedman_abyss_river_spirits,
          evilmike_nicolae_abyss_rune_containment_curve
Lab:      labyrinth_mini_lab, nicolae_lab_hexagon, labyrinth_skeletal_remains,
          nicolae_lab_do_over, nicolae_lab_blocks, nicolae_lab_garden
Bazaar:   bazaar_minmay_generic_d
Sewer:    kennysheep_pipe_town
IceCv:    ice_cave_caverns_02

Skill      XL: |  1  2  3  4  5  6  7  8  9 10 11 12 13 14 15 16 17 18 19 20 21 22 23 24 25 26 27 |
---------------+----------------------------------------------------------------------------------+-----
Axes           | 3 4 5 6 7 9 10 12 13 15 17 18 19 21 22 23 24 25 | 25.0
Invocations    | 2 3 4 5 6 7 8 9 10 11 12 13 14 16 18 21 | 21.5
Fighting       | 4 5 6 7 8 9 10 11 13 14 15 16 17 20 21 22 25 27 | 27.0
Armour         | 3 4 5 6 7 8 10 11 12 14 15 16 17 18 19 | 19.2
Dodging        | 2 3 5 6 7 |  7.6
Evocations     | 4 6 |  6.5
Shields        | 7 11 13 15 | 15.0
Translocations | 4 9 |  9.0
Spellcasting   | 2 5 |  5.5

Action                   |  1- 3 |  4- 6 |  7- 9 | 10-12 | 13-15 | 16-18 | 19-21 | 22-24 | 25-27 || total
-------------------------+-------+-------+-------+-------+-------+-------+-------+-------+-------++-------
Melee: Hand axe          |    55 |   119 |   155 |       |       |       |       |       |       ||   329
       Headbutt          |     6 |    12 |    44 |   120 |   276 |   227 |   310 |    90 |   523 ||  1608
       War axe           |       |       |   172 |   534 |   152 |       |       |       |       ||   858
       Broad axe         |       |       |       |   132 |  1402 |  1034 |  1265 |   321 |  1538 ||  5692
       Battleaxe         |       |       |       |       |       |       |    36 |       |       ||    36
Throw: Throwing net      |       |       |       |       |       |       |     1 |     1 |       ||     2
Invok: Depart the Abyss  |     1 |       |       |       |     2 |     1 |       |       |       ||     4
       Banish            |       |       |     2 |     8 |     7 |     1 |     1 |       |       ||    19
       Bend Space        |       |       |       |     1 |       |     2 |       |       |       ||     3
       Brand Weapon With |       |       |       |       |     1 |       |       |       |       ||     1
       Corrupt           |       |       |       |       |     4 |     1 |     1 |       |       ||     6
       Enter the Abyss   |       |       |       |       |       |     1 |     1 |       |       ||     2
       Grand Finale      |       |       |       |       |       |       |     1 |     2 |     4 ||     7
 Abil: Stop Flying       |       |       |       |       |     3 |     1 |       |       |       ||     4
       Evoke Flight      |       |       |       |       |     3 |       |       |       |     1 ||     4
       Blink             |       |       |       |       |       |       |       |       |     2 ||     2
Evoke: Wand              |       |       |       |     1 |    13 |     4 |    13 |     4 |    26 ||    61
       Phial of floods   |       |       |       |       |     1 |     1 |       |       |       ||     2
       Sack of spiders   |       |       |       |       |       |       |       |       |     2 ||     2
       Phantom mirror    |       |       |       |       |       |       |       |       |     2 ||     2
       Box of beasts     |       |       |       |       |       |       |       |       |     1 ||     1
  Use: Scroll            |       |     2 |    15 |     8 |    12 |    24 |    28 |     5 |    17 ||   111
       Potion            |       |       |    10 |     6 |     7 |    12 |     6 |     3 |     8 ||    52
 Stab: Sleeping          |       |       |     2 |     2 |       |       |       |       |       ||     4
       Petrifying        |       |       |       |     1 |       |       |       |       |       ||     1
       Petrified         |       |       |       |     1 |       |       |       |       |       ||     1
       Paralysed         |       |       |       |       |       |       |    35 |    40 |   249 ||   324
  Eat: Chunk             |       |     1 |    14 |    10 |    10 |    34 |     2 |     2 |     2 ||    75
       Pizza             |       |       |       |     1 |     1 |       |     1 |     1 |       ||     4
       Fruit             |       |       |       |     4 |       |     3 |     8 |       |       ||    15
       Beef jerky        |       |       |       |     2 |       |     1 |     2 |       |       ||     5
       Meat ration       |       |       |       |       |     3 |       |       |       |       ||     3
       Bread ration      |       |       |       |       |     4 |     4 |     2 |     1 |     7 ||    18
       Royal jelly       |       |       |       |       |     2 |     1 |     2 |     1 |       ||     6
Armor: Leather armour    |     4 |       |       |       |       |       |       |       |       ||     4
       Ring mail         |    28 |    44 |       |       |       |       |       |       |       ||    72
       Chain mail        |       |    51 |       |       |   129 |   915 |   535 |   169 |   625 ||  2424
       Troll hide        |       |       |   121 |    29 |       |       |       |       |       ||   150
       Skin              |       |       |    94 |    35 |       |       |       |       |       ||   129
       Scale mail        |       |       |       |    38 |       |       |       |       |       ||    38
       Plate armour      |       |       |       |   425 |  1334 |       |       |       |       ||  1759
Dodge: Dodged            |    29 |    82 |   178 |   267 |   633 |   427 |   332 |   110 |   411 ||  2469
Block: Shield            |       |       |       |       |       |   709 |  1147 |   310 |  1218 ||  3384
       Other             |       |       |       |       |       |       |     3 |       |       ||     3
